cohdb
Replays
Latest Replays
All Replays
Popular Replays
Top Player Replays
Match Explorer
How It Works
Community
CoH3 Stats
Reddit
Sign in to upload your games and track your stats! →
Sign in with Steam
Match 42227558
Unlisted
Match 42227558
Overview
Messages
Build Orders
End
Construct Infanterie Kompanie
Pioneer Squad
MG 42 Machine Gun Team
Selects Terror Battlegroup
Selects Machine Gun Camouflage
MG 42 Machine Gun Team
Grenadier Squad
Grenadier Squad
Grenadier Squad
Construct Panzergrenadier Kompanie
Panzergrenadier Squad
Pak 40 Anti-tank Gun Team
Support Elements
Pak 40 Anti-tank Gun Team
Construct Panzer Kompanie
Medical Bunker
Panzer IV Medium Tank
Stoßtruppen Squad
MG 42 Bunker
Nebelwerfer 42 Rocket Launcher Team
Side Skirts
Selects Defend the Fatherland
Selects Defend the Fatherland
Selects King Tiger Heavy Tank
Grand.G
trigem55
0
0
Comments
sign in to comment!
No comments posted yet!